AoeStats
← Aux Anschluss

Nomad

510768639Analyzed
3v3 RM · 17h ago on Oct 2, 2026· 52m 21s· 6 players
Game mode
Random Map
Map size
210×210
Population
200
Speed
Normal
Resources
Standard
Victory
Conquest
Starting age
Dark Age
Ending age
Imperial Age
RankedLock teamsTeams togetherTeam positionsShared explorationLock speedFull tech treeHidden civsTurbo modeCheats
Victory
Defeat
🇩🇰 Bohemians · Denmark
841
+16
🇨🇦 Danes · Canada
837
+16
🇩🇰 Franks · Denmark
806
+16
🇦🇹 Goths · Austria
859
-43
🇦🇹 Persians · Austria
821
-16
🇦🇹 Italians · Austria
815
-15
McLovin
16:40 Feudal Age
23:46 Castle Age
24:20 Loom
25:53 Town Watch
35:00 Double-Bit Axe
37:00 Bow Saw
40:07 Imperial Age
40:32 Wheelbarrow
41:15 Conscription
41:58 Ballistics
42:38 Chemistry
41:33 Elite Hussite Wagon
44:35 Hand Cart
45:22 Two-Man Saw
49:38 Murder Holes
fakedonk
15:43 Feudal Age
40:28 Castle Age
38:54 Double-Bit Axe
39:02 Gold Mining
39:55 Stone Mining
42:33 Gold Shaft Mining
44:23 Scale Barding Armor
46:00 Husbandry
52:10 Pikeman
Searam
6:27 Loom
15:45 Feudal Age
16:23 Fishing Lines
17:56 Wheelbarrow
17:40 Double-Bit Axe
19:31 Stone Mining
22:37 Castle Age
22:51 Arson
23:37 Hand Cart
23:36 Bow Saw
29:28 Scale Mail Armor
32:58 Gillnets
35:10 Forging
34:57 Loom
38:24 Elite Skirmisher
39:09 Thumb Ring
42:20 Imperial Age
40:06 Squires
40:44 Padded Archer Armor
40:34 Fletching
41:20 Iron Casting
41:00 Chain Mail Armor
42:53 Caravan
43:22 Gold Mining
44:26 Ballistics
45:19 Conscription
48:47 Elite Jomsviking
51:05 Hoardings
52:09 Gold Shaft Mining
52:09 Stone Shaft Mining
jakuf2008
20:27 Feudal Age
23:12 Wheelbarrow
23:17 Double-Bit Axe
36:31 Man-at-Arms
Aux Anschluss
18:25 Feudal Age
24:35 Man-at-Arms
29:50 Castle Age
Chinese Trade Bot
12:32 Loom
25:22 Feudal Age
Connection lost

Rejoining the realm…

Still unreachable

The connection could not be restored.

Session expired

The server has moved on; the page needs a fresh start.